 Dungeon Crawl Stone Soup version 0.31-a0-948-gf5be29c462 (webtiles) character file.

Game seed: 13659288794196281992

855 Bnni the Skirmisher (level 7, -3/42 HPs)
             Began as a Deep Elf Hunter on Oct 21, 2023.
             Slain by an ogre
             ... wielding a +0 giant club
              (22 damage)
             ... on level 4 of the Dungeon.
             The game lasted 00:07:44 (3069 turns).

Bnni the Skirmisher (Deep Elf Hunter)               Turns: 3069, Time: 00:07:44

Health: -3/42      AC:  6    Str:  3    XL:     7   Next: 70%
Magic:  9/9        EV: 13    Int: 20    God:
Gold:   113        SH:  0    Dex: 20    Spells: 6/6 levels left

rFire   . . .        a - +0 shortbow
rCold   x . .        (shield currently unavailable)
rNeg    + + +        l - +2 leather armour "Irphyuti" {rC- rN+++ Str-5 Slay+4}
rPois   .            p - +0 helmet
rElec   .            (no cloak)
rCorr   .            (no gloves)
SInv    .            (no boots)
Will    .....        (no amulet)
Stlth   ++           k - +6 ring of intelligence
HPRegen 0.27/turn    (no ring)
MPRegen 0.11/turn

%: no passive effects
@: no status effects
A: no striking features
a: no special abilities


You were on level 4 of the Dungeon.
You visited 1 branch of the dungeon, and saw 4 of its levels.

You collected 190 gold pieces.
You spent 77 gold pieces at shops.

Inventory:

Hand Weapons
 a - a +0 shortbow (weapon)
Missiles
 f - 4 poisoned darts
Armour
 c - a +0 leather armour
 l - the +2 leather armour "Irphyuti" (worn) {rC- rN+++ Str-5 Slay+4}
   (You found it on level 2 of the Dungeon)

   Str-5:     It affects your strength (-5).
   Slay+4:    It affects your accuracy & damage with ranged weapons and melee
   (+4).
   rC-:       It makes you vulnerable to cold.
   rN+++:     It renders you almost immune to negative energy.
 p - a +0 helmet (worn)
Jewellery
 k - a +6 ring of intelligence (left hand)
Wands
 h - a wand of digging (6)
 u - a wand of flame (47)
Scrolls
 b - a scroll of fog {unknown}
 d - 2 scrolls of blinking {unknown}
 i - a scroll of revelation {unknown}
 j - a scroll of brand weapon {unknown}
 m - a scroll of immolation {unknown}
 o - a scroll of teleportation {unknown}
 t - a scroll of enchant weapon {unknown}
 w - a scroll of torment {unknown}
Potions
 e - a potion of curing
 g - a potion of brilliance
 n - a potion of enlightenment
 r - a potion of attraction
 v - a potion of lignification
 x - a potion of mutation


   Skills:
 + Level 3.9 Fighting
 * Level 9.8 Ranged Weapons
 + Level 5.5 Dodging
 - Level 1.2 Stealth


You had 6 spell levels left.
You didn't know any spells.
Your spell library contained the following spells:

 Spells                   Type           Power      Damage    Failure   Level
 Magic Dart               Conj           0%         1d3       36%         1
 Call Imp                 Summ           0%         N/A       50%         2
 Mephitic Cloud           Conj/Pois/Air  0%         N/A       75%         3
 Borgnjor's Vile Clutch   Necr/Erth      0%         N/A       100%        5
 Conjure Ball Lightning   Conj/Air       0%         3x3d6     100%        6
 Infestation              Necr           0%         N/A       100%        8


Dungeon Overview and Level Annotations

Branches:
Dungeon (4/15)
 Temple: D:4-7

Altars:
Wu Jian

Shops:
D:4 ?


Message History

You destroy Menkaure!
As you read the scroll of identify, it crumbles to dust.
x - a potion of mutation An ogre comes into view.
It is wielding a +0 giant club.
You shoot an arrow. The arrow barely misses the ogre.
The ogre shouts!
You shoot an arrow. The arrow hits the ogre.
The ogre is lightly wounded.
The ogre hits you with a +0 giant club!!
You shoot an arrow. The arrow hits the ogre.
The ogre is lightly wounded.
You shoot an arrow. The arrow hits the ogre.
The ogre is moderately wounded.
The ogre hits you with a +0 giant club.
You are too injured to fight recklessly!
Fire: a) +0 shortbow
Press: ? - help, Shift-Dir - straight line, f/p - ogre
Aim: an ogre, wielding a +0 giant club (moderately wounded, 81% to hit)
You shoot an arrow. The arrow hits the ogre.
The ogre is moderately wounded.
The ogre completely misses you.
Unknown command.
Unknown command.
Okay, then.
Okay, then.
Unknown command.
Fire: a) +0 shortbow
Press: ? - help, Shift-Dir - straight line, f/p - ogre
Aim: an ogre, wielding a +0 giant club (moderately wounded, 81% to hit)
You shoot an arrow. The arrow hits the ogre.
The ogre is moderately wounded.
Unknown command.
Fire: a) +0 shortbow
Press: ? - help, Shift-Dir - straight line, f/p - ogre
Aim: an ogre, wielding a +0 giant club (moderately wounded, 81% to hit)
You shoot an arrow. The arrow hits the ogre!
The ogre is severely wounded.
The ogre hits you with a +0 giant club!!
Ouch! That really hurt!
You die...

#....'.....####.##...
#.#..#.....##.....##.
######.#.##..............#
#.........#...#.O....≈≈...
........8.....#..♣♣).≈≈...
.......8.8...#...♣♣.......
......8...8..#............
..>..8..∩.O8.#.....[_..##.
......8..@8.##..≈≈.....##.
...##.†8.8..##(.≈≈[...bb.h
...#....8...###.....##bbbb
.. #.###....# #.....##.b..
... ####..##.÷)...by..#
... ##..).##...b)### #.
#........######...
#.......... ...
#.....y...... ...


You could see an ogre.

Vanquished Creatures
  Grinder (D:3)
  Menkaure (D:4)
  A black bear (D:4)
  A phantom (D:3)
  Blork the orc (D:4)
  Ijyb (D:4)
  An iguana (D:3)
  Jessica (D:3)
  Terence (D:2)
  Natasha (D:3)
  Robin (D:3)
  7 adders
  An orc (D:4)
  12 endoplasms
  2 giant cockroaches
  14 goblins
  10 hobgoblins
  17 jackals
  5 kobolds
  2 quokkas
  5 ball pythons
  6 bats
  3 frilled lizards
  6 rats
101 creatures vanquished.

Notes
Turn   | Place    | Note
-------+----------+-------------------------------------------
     0 | D:1      | Bnni the Deep Elf Hunter began the quest for the Orb.
     0 | D:1      | Reached XP level 1. HP: 12/12 MP: 3/3
   207 | D:1      | Reached XP level 2. HP: 17/17 MP: 4/4
   298 | D:1      | Reached skill level 6 in Ranged Weapons
   688 | D:2      | Identified the of Meqome Aserr
   701 | D:1      | Reached XP level 3. HP: 8/21 MP: 5/5
   803 | D:2      | Identified the +2 leather armour "Irphyuti" {rC- rN+++
                  | Str-5 Slay+4}
   986 | D:2      | Noticed Terence
   994 | D:2      | Killed Terence
   995 | D:2      | Reached XP level 4. HP: 18/27 MP: 6/6
  1761 | D:3      | Noticed Grinder
  1770 | D:3      | Noticed Jessica
  1771 | D:3      | Killed Grinder
  1772 | D:3      | Reached skill level 8 in Ranged Weapons
  1772 | D:3      | Reached XP level 5. HP: 32/32 MP: 7/7
  1772 | D:3      | Reached XP level 6. HP: 37/37 MP: 8/8
  1773 | D:3      | Killed Jessica
  1800 | D:3      | Noticed Robin
  1814 | D:3      | Killed Robin
  1973 | D:3      | Found a faded altar of an unknown god.
  2202 | D:3      | Noticed Natasha
  2205 | D:3      | Killed Natasha
  2319 | D:4      | Noticed Blork the orc
  2337 | D:3      | Reached XP level 7. HP: 28/41 MP: 9/9
  2457 | D:4      | Killed Blork the orc
  2458 | D:4      | Reached skill level 9 in Ranged Weapons
  2585 | D:4      | Found an ornate altar of the Wu Jian Council.
  2591 | D:4      | Identified the +1 scale mail of Sif Muna's Castigation
                  | {rPois}
  2616 | D:4      | Noticed a hornet
  2940 | D:4      | Reached skill level 5 in Dodging
  2955 | D:4      | Noticed Ijyb
  2970 | D:4      | Killed Ijyb
  3028 | D:4      | Found Ciogroes's Magic Scroll Shop.
  3039 | D:4      | Bought a scroll of identify for 22 gold pieces
  3039 | D:4      | Bought 2 scrolls of identify for 44 gold pieces
  3039 | D:4      | Bought a scroll of noise for 11 gold pieces
  3045 | D:4      | Noticed Menkaure
  3050 | D:4      | Killed Menkaure
  3069 | D:4      | Slain by an ogre

Illustrated notes

Levels and vault maps discovered:
D:1:      giann_wishing_wells, layout_loops_ring,
          hangedman_abyss_or_decor_stabs, nicolae_titane
D:2:      layout_basic, grunt_ministairs_3, uniq_terence
D:3:      layout_rooms, hellmonk_ecumenical_altar_lost_god,
          kennysheep_flooded_box, kennysheep_potato, uniq_robin, uniq_grinder,
          uniq_natasha, uniq_jessica
D:4:      layout_basic, nicolae_wu_jian_wuxing_cycle, serial_shops,
          nicolae_diamond_shop, uniq_blork_the_orc, uniq_menkaure, uniq_ijyb

Skill      XL: |  1  2  3  4  5  6  7 |
---------------+----------------------+-----
Ranged Weapons | 6 8 9 |  9.8
Fighting       | 2 3 |  3.9
Dodging        | 4 5 |  5.5
Stealth        | |  1.2

Action                     |  1- 3 |  4- 6 |  7- 9 || total
---------------------------+-------+-------+-------++-------
   Fire: Shortbow          |    78 |   108 |    82 ||   268
  Throw: Dart              |       |       |     1 ||     1
    Use: Scroll            |       |     4 |     5 ||     9
 Armour: Leather armour    |    13 |    28 |    19 ||    60
  Dodge: Dodged            |    23 |    19 |    27 ||    69

Table legend: (Time is in decaauts)
 A = Elapsed time spent in this place.
 B = Non-inter-level travel time spent in this place.
 C = Inter-level travel time spent in this place.
 D = Time resting spent in this place.
 E = Time spent auto-exploring this place.
 F = Levels seen in this place.
 G = Mean time per level.
                   A        B        C        D        E       F      G
               +--------+--------+--------+--------+--------+-----+--------+
         Total |   3103 |   2863 |    240 |    213 |   1972 |   4 |  775.8 |
       Dungeon |   3103 |   2863 |    240 |    213 |   1972 |   4 |  775.8 |
               +--------+--------+--------+--------+--------+-----+--------+

Top non-repeatable levels by time:
     D:2: 918 daAuts
     D:3: 872 daAuts
     D:1: 777 daAuts
     D:4: 535 daAuts
